 Dungeon Crawl Stone Soup version 0.16-a0-3643-g096a701 (webtiles) character file.

254 PolkaDot the Skirmisher (level 5, 0/48 HPs)
             Began as a Draconian Abyssal Knight on Jan 16, 2015.
             Was a Priest of Lugonu.
             Drowned by a drowned soul (2 damage)
             ... summoned by a malarious merfolk avatar
             ... in a sewer.
             The game lasted 00:11:20 (3617 turns).

PolkaDot the Skirmisher (Draconian Abyssal Knight)  Turns: 3617, Time: 00:11:20

Health: 0/48       AC:  7    Str: 14    XL:     5   Next: 90%
Magic:  8/8        EV: 12    Int: 13    God:    Lugonu [***...]
Gold:   51         SH:  0    Dex: 11    Spells: 0 memorised, 4 levels left

rFire  . . .     SeeInvis .     a - +1 falchion
rCold  . . .     Clarity  .     (armour unavailable)
rNeg   . . .     SustAb   .     (no shield)
rPois  .         Gourm    .     (helmet restricted)
rElec  .         Spirit   .     g - +1 cloak
rCorr  .         Warding  .     (no gloves)
rMut   .         Stasis   .     (no boots)
MR     .....                    (no amulet)
Stlth  +.........               (no ring)
                                (no ring)

@: mesmerised, not resistant to hostile enchantments, very unstealthy
A: unfitting armour, cold-blooded, AC +5
a: Depart the Abyss, Bend Space, Banish, Renounce Religion


You were in a sewer.
You worshipped Lugonu.
Lugonu was most pleased with you.
You were not hungry.

You visited 1 branch of the dungeon, and saw 4 of its levels.
You visited the Abyss 1 time.
You also visited: Sewer.

You collected 51 gold pieces.

Inventory:

Hand weapons
 a - a +1 falchion (weapon)
Missiles
 l - a throwing net (quivered)
Armour
 g - a +1 cloak (worn)
Scrolls
 d - a scroll of remove curse
Comestibles
 b - a chunk of flesh
 c - a bread ration
 j - a royal jelly
 k - 3 meat rations
 p - a slice of pizza


   Skills:
 + Level 5.0 Fighting
 * Level 4.6 Long Blades
 - Level 2.1 Dodging
 + Level 3.1 Invocations


You had 4 spell levels left.
You didn't know any spells.

Dungeon Overview and Level Annotations

Branches:
Dungeon (4/15)
 Temple: D:4-7

Altars:
Ashenzari
Cheibriados
Dithmenos
Okawaru
Xom


Innate Abilities, Weirdness & Mutations

Your plain brown scales are hard (AC +5).
Your body does not fit into most forms of armour.
Your cold-blooded metabolism reacts poorly to cold.


Message History

* * * LOW HITPOINT WARNING * * *
You hit the malarious merfolk avatar but do no damage.
Your tail-slap misses the malarious merfolk avatar.
The malarious merfolk avatar is heavily wounded.
You hit the malarious merfolk avatar.
The malarious merfolk avatar is severely wounded.
The malarious merfolk avatar chants its luring song.
You hit the malarious merfolk avatar but do no damage.
Your tail-slap misses the malarious merfolk avatar.
The malarious merfolk avatar is severely wounded.
The malarious merfolk avatar chants its luring song. x2
You hit the malarious merfolk avatar.
Your tail-slap misses the malarious merfolk avatar.
The malarious merfolk avatar is almost dead.
The drowned soul touches you. The drowned soul drowns you.
* * * LOW HITPOINT WARNING * * *
The malarious merfolk avatar chants its luring song.
Your unstable footing causes you to fumble your attack.
The drowned soul touches you. The drowned soul drowns you.
You die...

###########
#############
###############
##≈≈≈≈≈≈≈≈≈≈≈≈≈≈
##≈≈≈≈≈≈≈≈≈≈≈≈≈≈≈
###≈≈≈≈≈≈W≈≈≈≈≈≈≈≈
#######≈≈≈≈≈≈≈≈≈≈
+.....'.≈≈m≈≈≈≈≈≈≈
#######.†@≈≈≈≈≈≈≈≈
#.≈≈W≈≈≈≈≈≈≈
#.≈≈≈≈≈≈≈≈≈
#≈≈≈≈≈≈≈≈≈≈
≈≈≈≈≈≈≈≈≈≈≈
≈≈≈≈≈≈≈≈≈≈≈
#≈≈≈≈≈≈≈≈≈≈
##≈≈≈≈≈≈≈ ≈≈≈


You could see a malarious merfolk avatar and 2 drowned souls.

Vanquished Creatures
  An orc priest (D:3)
  An orc wizard (D:3)
  A siren (Sewer)
  4 adders
  6 giant mites
  3 giant geckos
  An ooze (D:2)
  2 orcs
  9 bats
  9 giant cockroaches
  8 goblins
  11 hobgoblins
  4 jackals
  5 kobolds
  A quokka (D:4)
  4 ball pythons
  7 giant newts
  21 rats
98 creatures vanquished.

Vanquished Creatures (others)
  8 drowned souls (Sewer)
8 creatures vanquished.

Grand Total: 106 creatures vanquished

Notes
Turn   | Place    | Note
--------------------------------------------------------------
     0 | Abyss:1  | PolkaDot, the Draconian Abyssal Knight, began the quest for the Orb.
     0 | Abyss:1  | Reached XP level 1. HP: 19/19 MP: 1/1
    50 | Abyss:1  | Noticed a raiju
    50 | Abyss:1  | Noticed a starcursed mass
    52 | D:1      | Escaped the Abyss
   586 | D:1      | Acquired Lugonu's first power
   586 | D:1      | Reached XP level 2. HP: 26/26 MP: 2/2
   874 | D:1      | Reached XP level 3. HP: 15/33 MP: 4/4
  1512 | D:2      | Reached skill level 4 in Fighting
  1982 | D:2      | Reached XP level 4. HP: 37/40 MP: 5/5
  2002 | D:2      | Acquired Lugonu's second power
  2345 | D:2      | Found a shadowy altar of Dithmenos.
  2652 | D:3      | Found a shattered altar of Ashenzari.
  2769 | D:3      | Found an iron altar of Okawaru.
  2771 | D:3      | Found a snail-covered altar of Cheibriados.
  2773 | D:3      | Found a shimmering altar of Xom.
  2832 | D:3      | You fall through a shaft!
  2934 | D:3      | Reached XP level 5. HP: 34/47 MP: 7/7
  2993 | D:3      | Found a glowing drain.
  3030 | Sewer    | Entered a sewer
  3263 | Sewer    | Acquired Lugonu's third power
  3601 | Sewer    | Reached skill level 5 in Fighting
  3602 | Sewer    | Noticed a drowned soul
  3602 | Sewer    | Noticed a drowned soul
  3604 | Sewer    | Noticed a drowned soul
  3605 | Sewer    | Killed a drowned soul
  3605 | Sewer    | Killed a drowned soul
  3607 | Sewer    | Noticed a drowned soul
  3607 | Sewer    | Noticed a drowned soul
  3607 | Sewer    | Noticed a drowned soul
  3608 | Sewer    | Killed a drowned soul
  3608 | Sewer    | Killed a drowned soul
  3610 | Sewer    | Noticed a drowned soul
  3611 | Sewer    | Noticed a drowned soul
  3611 | Sewer    | Killed a drowned soul
  3612 | Sewer    | Killed a drowned soul
  3612 | Sewer    | Killed a drowned soul
  3613 | Sewer    | Noticed a drowned soul
  3614 | Sewer    | Noticed a drowned soul
  3614 | Sewer    | Noticed a drowned soul
  3616 | Sewer    | Noticed a drowned soul
  3616 | Sewer    | HP: 2/48 [drowned by a drowned soul[a malarious merfolk avatar] (2)]
  3616 | Sewer    | Killed a drowned soul
  3617 | Sewer    | Drowned by a drowned soul

Action                   |  1- 3 |  4- 6 || total
-------------------------+-------+-------++-------
Melee: Falchion          |   125 |   222 ||   347
Invok: Depart the Abyss  |     1 |       ||     1
  Use: Potion            |       |     8 ||     8
       Scroll            |       |     6 ||     6
  Eat: Chunk             |     4 |     1 ||     5
       Bread ration      |       |     1 ||     1
